 Dungeon Crawl Stone Soup version 0.27-a0-109-g416527ed24 (webtiles) character file.

Game seed: 5514122593951302442

504 dickylongcocking the Reanimator (level 6, -1/48 HPs)
             Began as a Palentonga Necromancer on Jan 25, 2021.
             Was a Follower of Ashenzari.
             Slain by a quokka (3 damage)
             ... on level 4 of the Dungeon.
             The game lasted 00:05:47 (5270 turns).

dickylongcocking the Reanimator (PaNe)              Turns: 5270, Time: 00:05:47

Health: -1/48      AC:  7    Str: 11    XL:     6   Next: 96%
Magic:  0/9        EV: 10    Int: 18    God:    Ashenzari [*.....]
Gold:   224        SH:  0    Dex: 12    Spells: 5/9 levels left

rFire    + . .     SeeInvis +   g - +1 scythe (curse)
rCold    + . .     Faith    .   (shield currently unavailable)
rNeg     . . .     Spirit   .   a - +0 robe
rPois    +         Reflect  .   p - +1 helmet
rElec    +         Harm     .   (no cloak)
rCorr    +         Rampage  .   x - +0 pair of gloves (curse)
Will     .....                  (no barding)
Stlth    ++........             (no amulet)
HPRegen  0.16/turn              (no ring)
MPRegen  0.11/turn              (no ring)

@: lethally poisoned (-1 -> -4), resistant
A: large, claws 1, rugged brown scales 3, see invisible, agile 1, deformed body,
sense surroundings 1, roll 1, armoured tail
a: Rolling Charge, Renounce Religion, Curse Item, Scrying


You were on level 4 of the Dungeon.
You worshipped Ashenzari.
Ashenzari was aware of your devotion.
You visited 1 branch of the dungeon, and saw 4 of its levels.

You collected 224 gold pieces.

Inventory:

Hand Weapons
 f - a +0 whip
 g - a cursed +1 scythe (weapon)
 l - a +0 falchion
 r - a +0 dagger of freezing
Armour
 a - a +0 robe (worn)
 o - a +0 pair of gloves
 p - a +1 helmet (worn)
 x - a cursed +0 pair of gloves (worn)
Wands
 w - a wand of disintegration (9)
Scrolls
 c - 3 scrolls of identify
 h - 2 scrolls of immolation
 i - a scroll of teleportation {unknown}
 j - a scroll of enchant armour {unknown}
 q - a scroll of random uselessness {unknown}
 y - a scroll of amnesia {unknown}
Potions
 v - a potion of flight


   Skills:
 - Level 1.7 Dodging
 - Level 1.2 Stealth
 - Level 2.2 Spellcasting
 * Level 8.2 Necromancy


You had 5 spell levels left.
You knew the following spells:

 Your Spells              Type           Power        Failure   Level
a - Pain                  Necr           100%         1%          1
x - Vampiric Draining     Necr           15%          1%          3

Your spell library contained the following spells:

 Spells                   Type           Power        Failure   Level
 Animate Skeleton         Necr           62%          1%          1
 Animate Dead             Necr           15%          6%          4
 Agony                    Necr           31%          16%         5


Dungeon Overview and Level Annotations

Branches:
Dungeon (4/15)
 Temple: D:4-7

Altars:
Ashenzari
Vehumet

Portals:
Sewer: D:4


Innate Abilities, Weirdness & Mutations

You are completely covered in rugged brown scales. (AC +3, +7% HP)
You have supernaturally acute eyesight. (SInv)
Armour fits poorly on your strangely shaped body.
You can roll at nearby foes to attack.
You have a long armoured tail.
You have sharp fingernails.
You are agile. (Dex +2)
You passively map a small area around you.


Message History

Unknown command.
Unknown command.
You hear the rapid rusting of a drain nearby.
Found 19 stones.
The worker ant bites you but does no damage.
Casting: Pain (safe; 1% risk of failure)
Confirm with . or Enter, or press ? or * to list all spells.
Aiming: Pain (safe; 1% risk of failure)
Press: ? - help, Shift-Dir - straight line, f - worker ant
Aim: a worker ant (chance to affect: 89%)
The worker ant writhes in agony!
The worker ant bites you.
* * * LOW HITPOINT WARNING * * *
You are lethally poisoned!
The worker ant poisons you!
* * * LOW HITPOINT WARNING * * *
You feel sick.
Okay, then.
As you read the scroll labelled DIEH DISTUAW, it crumbles to dust.
The scroll dissolves into smoke.
It was a scroll of fog.
The quokka bites you.
You die...

.)...r....#......#
.##.####r.#.#..#.#
.##.# #.##.#?.#.#
.##r# #.##(#..#.#
.##.# #.....)...#
.##.# ####.####.#
.##.# #.##.§B#
.##.# #B##(#r#
.##.# #.##.#@#
#...# #.## #§#
.#### #.# #§# .#
#.#* #.# #.... ,*
* ,#.# ...... ,,
#.# ...... #.#
#.#### #.# .#


You could see a worker ant and a quokka.

Vanquished Creatures
  Sigmund (D:3)
  A centaur zombie (D:3)
  An orc priest (D:4)
  An orc wizard (D:4)
  A centaur skeleton (D:4)
  Natasha (thrice) (D:3)
  A worker ant (D:4)
  A gnoll (D:1)
  2 adders (D:2)
  An ooze (D:1)
  An adder skeleton (D:4)
  2 dart slugs
  4 leopard geckos
  2 orcs
  9 bats
  7 giant cockroaches
  5 goblins
  5 hobgoblins
  8 jackals
  3 quokkas
  A ball python (D:1)
  3 frilled lizards (D:2)
  6 kobolds
  10 rats
79 creatures vanquished.

Vanquished Creatures (others)
  An orc (D:4)
  A plant (D:1)
2 creatures vanquished.

Grand Total: 81 creatures vanquished

Notes
Turn   | Place    | Note
-------+----------+-------------------------------------------
     0 | D:1      | dickylongcocking the Palentonga Necromancer began the quest
                  | for the Orb.
     0 | D:1      | Reached XP level 1. HP: 14/14 MP: 3/3
   522 | D:1      | Reached XP level 2. HP: 20/21 MP: 3/5
  1688 | D:2      | Reached XP level 3. HP: 22/27 MP: 1/6
  2460 | D:2      | Reached skill level 5 in Necromancy
  2464 | D:2      | Learned a level 3 spell: Vampiric Draining
  3111 | D:2      | Reached XP level 4. HP: 34/35 MP: 5/7
  3387 | D:3      | Found a broken altar of Ashenzari.
  3499 | D:3      | Became a worshipper of Ashenzari the Shackled
  3707 | D:3      | Noticed Natasha
  3713 | D:3      | Killed Natasha
  3721 | D:3      | Noticed Natasha
  3739 | D:3      | Killed Natasha
  3740 | D:3      | Reached skill level 6 in Necromancy
  3740 | D:3      | Reached XP level 5. HP: 26/40 MP: 1/8
  3936 | D:3      | Noticed Natasha
  3940 | D:3      | Killed Natasha
  4101 | D:3      | Noticed Sigmund
  4134 | D:3      | Killed Sigmund
  4135 | D:3      | Reached skill level 7 in Necromancy
  4135 | D:3      | Reached XP level 6. HP: 18/48 MP: 0/9
  4415 | D:3      | Found a radiant altar of Vehumet.
  5116 | D:4      | Found a glowing drain.
  5129 | D:4      | Reached skill level 8 in Necromancy
  5215 | D:4      | HP: 2/48 [orc priest/divine providence (14)]
  5230 | D:4      | Gained mutation: You have sharp fingernails. [potion of
                  | mutation]
  5230 | D:4      | Gained mutation: You are agile. (Dex +2) [potion of
                  | mutation]
  5230 | D:4      | Gained mutation: You passively map a small area around you.
                  | [potion of mutation]
  5257 | D:4      | Reached * piety under Ashenzari
  5269 | D:4      | HP: 2/48 [poisoned by a worker ant]
  5270 | D:4      | Slain by a quokka

Illustrated notes

Levels and vault maps discovered:
D:1:      dpeg_arrival_three_smaller_balls, layout_loops_ring, serial_bayou,
          serial_bayou_shore_b, serial_bayou_pond_a, serial_bayou_lagoon_a,
          serial_bayou_pond_a
D:2:      layout_loops_ring
D:3:      layout_rooms, nicolae_overflow_crystal_walls,
          ashenzari_conservatory_becter, serial_park_tiny_1, minmay_pentangle,
          uniq_sigmund, uniq_natasha
D:4:      layout_loops_ring, gup_sewer_entry_glass, uniq_purgy

Skill      XL: |  1  2  3  4  5  6 |
---------------+-------------------+-----
Necromancy     | 5 6 7 8 |  8.2
Dodging        | |  1.7
Stealth        | |  1.2
Spellcasting   | |  2.2

Action                   |  1- 3 |  4- 6 || total
-------------------------+-------+-------++-------
Melee: Unarmed           |     1 |     4 ||     5
       Whip              |     4 |     1 ||     5
       Dagger            |       |    13 ||    13
       Tailslap          |       |     4 ||     4
       Falchion          |       |    12 ||    12
       Scythe            |       |    38 ||    38
 Cast: Pain              |    73 |    54 ||   127
       Vampiric Draining |       |     7 ||     7
Invok: Curse Item        |       |     1 ||     1
 Abil: Rolling Charge    |     2 |     3 ||     5
  Use: Potion            |       |    13 ||    13
       Scroll            |       |     4 ||     4
 Stab: Sleeping          |       |     1 ||     1
Armor: Robe              |    15 |    79 ||    94
       Skin              |       |    12 ||    12
Dodge: Dodged            |    27 |    91 ||   118
       Rpst.: Falchion   |       |     1 ||     1

Table legend: (Time is in decaauts)
 A = Elapsed time spent in this place.
 B = Non-inter-level travel time spent in this place.
 C = Inter-level travel time spent in this place.
 D = Time resting spent in this place.
 E = Time spent auto-exploring this place.
 F = Levels seen in this place.
 G = Mean time per level.
                   A        B        C        D        E       F      G
               +--------+--------+--------+--------+--------+-----+--------+
         Total |   5312 |   5218 |     94 |   1243 |   3205 |   4 | 1328.0 |
       Dungeon |   5312 |   5218 |     94 |   1243 |   3205 |   4 | 1328.0 |
               +--------+--------+--------+--------+--------+-----+--------+

Top non-repeatable levels by time:
     D:1: 1684 daAuts
     D:2: 1644 daAuts
     D:3: 1418 daAuts
     D:4: 564 daAuts
